 Dungeon Crawl Stone Soup version 0.14-a0-155-gd989017 (webtiles) character file.

211 Malachi the Charmwright (level 3, -4/28 HPs)
             Began as a Demigod Skald on Oct 5, 2013.
             Slain by a gnoll
             ... wielding a +0,+0 halberd
              (14 damage)
             ... on Level 2 of the Dungeon.
             The game lasted 00:03:43 (1833 turns).

Malachi the Charmwright (Demigod Skald)             Turns: 1833, Time: 00:03:43

HP  -4/28        AC  3     Str 15      XL: 3   Next: 80%
MP   8/9         EV 11     Int 18      God:
Gold 139         SH  0     Dex 15      Spells:  2 memorised,  2 levels left

Res.Fire  : . . .   See Invis. : .   m - +2,+0 hand axe (freeze)
Res.Cold  : . . .   Warding    : .   b - +0 leather armour
Life Prot.: . . .   Conserve   : .   (no shield)
Res.Poison: .       Res.Corr.  : .   (no helmet)
Res.Elec. : .       Clarity    : +   (no cloak)
Sust.Abil.: . .     Spirit.Shd : .   (no gloves)
Res.Mut.  : .       Stasis     : .   (no boots)
Res.Rott. : .       Flight     : .   i - amulet of clarity
Saprovore : . . .                    (no ring)
                                     (no ring)

@: slightly resistant to hostile enchantments, unstealthy
A: no striking features
a: no special abilities


You were on level 2 of the Dungeon.
You were not hungry.

You visited 1 branch of the dungeon, and saw 2 of its levels.

You collected 119 gold pieces.

Inventory:

Hand weapons
 a - a +0,+0 falchion
 m - a +2,+0 hand axe of freezing (weapon)
Armour
 b - a +0 leather armour (worn)
Comestibles
 d - 3 bread rations
Scrolls
 e - a scroll of identify
 h - a scroll of remove curse
 l - 2 scrolls of enchant weapon I {unknown}
 o - a scroll of random uselessness {unknown}
 p - 2 scrolls of enchant armour {unknown}
Jewellery
 i - an amulet of clarity (around neck)
Potions
 f - a potion of invisibility {unknown}
 j - 3 potions of curing {unknown}
 n - a potion of slowing {unknown}
Books
 c - a book of Battle

   Spells                             Type                      Level
   *Infusion                          Charms                       1
   Shroud of Golubria                 Charms/Translocation         2
   *Song of Slaying                   Charms                       2
   Spectral Weapon                    Hexes/Charms                 3
   Regeneration                       Charms/Necromancy            3
   Song of Shielding                  Charms                       4


   Skills:
 + Level 2.0 Fighting
 - Level 2.1 Long Blades
 * Level 0.6 Axes
 - Level 0.8 Armour
 + Level 1.7 Dodging
 - Level 1.7 Spellcasting
 + Level 3.6 Charms


You had 2 spell levels left.
You knew the following spells:

 Your Spells              Type           Power        Failure   Level  Hunger
a - Infusion              Chrm           ##....       4%          1    #......
b - Song of Slaying       Chrm           ##........   8%          2    ###....


Dungeon Overview and Level Annotations

Branches:
Dungeon (2/27)


Message History

You barely miss the quokka. The quokka bites you.
You barely miss the quokka. The quokka bites you.
You closely miss the quokka.
The quokka bites you but does no damage.
The quokka closely misses you.
A gnoll comes into view. It is wielding a halberd.
You barely miss the quokka.
The gnoll shouts!
The quokka barely misses you.
You closely miss the quokka. The quokka bites you. The gnoll barely misses you.
Casting: Infusion
Confirm with . or Enter, or press ? or * to list all spells.
Your attacks are magically infused.
The quokka barely misses you. The gnoll misses you.
You barely miss the quokka. The quokka barely misses you.
The gnoll hits you from afar with a halberd!
You barely miss the quokka. The quokka bites you.
The gnoll hits you from afar with a halberd!
Ouch! That really hurt!
You die...

..,, ,,,,, #.......##.........
...,,,,,,,* #.......##.........
....,,,,,,* #..................
.....,,,,,* #).......#.........
...#******* #........#.........
...##**#############.#.#.........
..............>..................
.......................#.#.......
...##...##......@r.....#.##.#####
.......................#.##......
...##*#..#.....g.......#.#.......
##.####..#.###.#.......#.........
*.....................#...#.....
##########.###.#.......#...#.....
...# #....# #.#########...#.....
##.# #.#### #....[....#...#.....
#.# #.# #.#######.#...#.....


You could see a gnoll and a quokka.

Vanquished Creatures
  Terence (D:2)
  2 adders (D:2)
  A giant gecko (D:1)
  4 bats (D:1)
  4 giant cockroaches
  2 hobgoblins
  4 jackals (D:1)
  6 kobolds
  2 giant newts
  4 goblins (D:1)
  A quokka (D:2)
  8 rats
39 creatures vanquished.

Notes
Turn   | Place    | Note
--------------------------------------------------------------
     0 | D:1      | Malachi, the Demigod Skald, began the quest for the Orb.
     0 | D:1      | Reached XP level 1. HP: 16/16 MP: 5/5
    67 | D:1      | Reached skill level 3 in Charms
   208 | D:1      | Reached XP level 2. HP: 15/23 MP: 6/6
   264 | D:1      | Reached skill level 1 in Dodging
   752 | D:1      | Learned a level 2 spell: Song of Slaying
   949 | D:2      | Reached XP level 3. HP: 25/28 MP: 6/9
  1341 | D:2      | Noticed Terence
  1361 | D:2      | Killed Terence
  1833 | D:2      | Slain by a gnoll

Action                   || total
-------------------------++-------
Melee: Falchion          ||    56
       Hand axe          ||    66
 Cast: Infusion          ||     7
       Song of Slaying   ||     4
  Use: Scroll            ||     3
 Stab: Sleeping          ||     1
